 Dungeon Crawl Stone Soup version 0.28.0-53-g5a82cb258f (webtiles) character file.

Game seed: 49425248359427604

215238 SolCadguy the Devastator (level 18, -5/166 HPs)
             Began as a Black Draconian Conjurer on Aug 17, 2022.
             Was the Champion of Vehumet.
             Succumbed to a swamp dragon's poison gas
             ... on level 3 of the Swamp on Aug 23, 2022.
             The game lasted 04:48:21 (46685 turns).

SolCadguy the Devastator (DrCj)                    Turns: 46685, Time: 04:48:22

Health: -5/166     AC: 17    Str: 14    XL:     18   Next: 32%
Magic:  36/38      EV: 13    Int: 30    God:    Vehumet [******]
Gold:   3687       SH: 13    Dex: 14    Spells: 0/49 levels left

rFire   + . .      SeeInvis +   s - +10 flail of Bread {flame, SInv}
rCold   + . .      Faith    .   K - +2 kite shield {reflect}
rNeg    . . .      Spirit   .   (armour unavailable)
rPois   .          Reflect  +   o - +1 hat
rElec   +          Harm     .   F - scarf {rC+ rF+}
rCorr   .          Rampage  .   E - +0 pair of gloves {Dex+3}
Will    +....                   x - +0 pair of boots
Stlth   ++........              v - amulet of magic regeneration
HPRegen 0.37/turn               S - ring of Reimbursement {AC+4 Str+3}
MPRegen 0.66/turn               z - +6 ring of intelligence

@: lethally poisoned (-5 -> -23), flying, slowed, very slow
A: breathe lightning, AC +10, unfitting armour, big wings, electricity
resistance, cold-blooded
}: 1/15 runes: gossamer
a: Breathe Lightning, Renounce Religion


You were on level 3 of the Swamp.
You worshipped Vehumet.
Vehumet was exalted by your worship.
You visited 7 branches of the dungeon, and saw 32 of its levels.
You also visited: Gauntlet and Volcano.

You collected 4071 gold pieces.
You spent 384 gold pieces at shops.

Inventory:

Hand Weapons
 s - the +10 flail of Bread (weapon) {flame, SInv}
   (You took it off a minotaur in a Gauntlet)

   It burns those it strikes, dealing additional fire damage.
   SInv:      It lets you see invisible.
Missiles
 m - 32 boomerangs
 w - a throwing net
 L - 34 poisoned darts (quivered)
Armour
 o - a +1 hat (worn)
 t - an orb of mayhem
 x - a +0 pair of boots (worn)
 E - a +0 pair of gloves of dexterity (worn)
 F - a scarf of resistance (worn)
 I - a +0 hat of stealth
 K - a +2 kite shield of reflection (worn)
 X - an orb of guile
 Z - a +1 pair of gloves
Magical Staves
 A - a staff of air
Jewellery
 j - a ring of poison resistance
 n - a +4 ring of slaying
 p - a +4 ring of evasion
 r - a ring of willpower
 v - an amulet of magic regeneration (around neck)
 z - a +6 ring of intelligence (right hand)
 O - a +6 ring of dexterity
 P - a ring of fire
 S - the ring of Reimbursement (left hand) {AC+4 Str+3}
   (You took it off a minotaur in a Gauntlet)

   [ring of protection]

   AC:        It affects your AC (+4).
   Str:       It affects your strength (+3).
Wands
 g - a wand of iceblast (36)
 k - a wand of acid (11)
 q - a wand of digging (7)
 y - a wand of polymorph (9)
 H - a wand of mindburst (35)
 R - a wand of paralysis (16)
 T - a wand of flame (42)
Scrolls
 a - 4 scrolls of fear
 b - 7 scrolls of teleportation
 e - 7 scrolls of enchant armour
 i - a scroll of amnesia
 l - 15 scrolls of identify
 M - 2 scrolls of magic mapping
 V - 2 scrolls of summoning
 W - 3 scrolls of blinking
Potions
 c - 4 potions of cancellation
 d - 4 potions of ambrosia
 f - a potion of heal wounds
 h - 3 potions of resistance
 u - a potion of might
 C - 3 potions of curing
 G - 2 potions of haste
 Q - 4 potions of brilliance
Miscellaneous
 B - a phantom mirror
 N - a piece from Xom's chessboard (15/15)


   Skills:
 - Level 16.1 Fighting
 + Level 6.6 Maces & Flails
 - Level 6.5 Dodging
 - Level 1.7 Stealth
 + Level 9.0 Shields
 - Level 16.0 Spellcasting
 - Level 17.0 Conjurations
 - Level 2.6 Hexes
 - Level 9.0 Fire Magic
 - Level 3.2 Ice Magic
 - Level 10.0 Air Magic
 - Level 1.2 Poison Magic
 - Level 5.3 Evocations


You couldn't memorise any spells.
You knew the following spells:

 Your Spells              Type           Power      Damage    Failure   Level
a - Magic Dart            Conj           100%       1d8       0%          1
b - Searing Ray           Conj           100%       2d8       0%          2
c - Dazzling Flash        Conj/Hex       100%       N/A       1%          3
d - Flame Wave            Conj/Fire      80%        2d14      1%          4
e - Iskenderun's Battles  Conj           90%        2d14      1%          5
f - Fireball              Conj/Fire      40%        3d16      1%          5
g - Sticky Flame          Conj/Fire      80%        2d9       1%          4
h - Poisonous Vapours     Pois/Air       100%       N/A       1%          2
i - Freezing Cloud        Conj/Ice/Air   35%        6-21      1%          5
j - Lightning Bolt        Conj/Air       40%        1d59      1%          5
k - Starburst             Conj/Fire      40%        6d11      1%          6
l - Orb of Destruction    Conj           45%        9d12      1%          7

Your spell library contained the following spells:

 Spells                   Type           Power      Damage    Failure   Level
 Ignition                 Fire           34%        3d10      83%         8
 Chain Lightning          Conj/Air       40%        3d54      98%         9
 Fire Storm               Conj/Fire      40%        8d10      99%         9
 Corpse Rot               Necr/Air       100%       N/A       1%          2
 Ensorcelled Hibernation  Hex/Ice        82%        N/A       1%          2
 Conjure Flame            Conj/Fire      80%        6-21      1%          3
 Ignite Poison            Fire/Tmut/Pois 44%        N/A       1%          3
 Inner Flame              Hex/Fire       56%        N/A       1%          3
 Airstrike                Air            35%        N/A       1%          4
 Fulminant Prism          Conj/Hex       35%        3d18      1%          4
 Iskenderun's Mystic Bla  Conj/Tloc      66%        2d14      1%          4
 Irradiate                Conj/Tmut      33%        3d25      1%          5
 Conjure Ball Lightning   Conj/Air       40%        3x3d13    1%          6
 Animate Skeleton         Necr           48%        N/A       4%          1
 Apportation              Tloc           48%        N/A       4%          1
 Pain                     Necr           96%        1d8       4%          1
 Summon Small Mammal      Summ           96%        N/A       4%          1
 Summon Lightning Spire   Summ/Air       52%        N/A       5%          4
 Sublimation of Blood     Necr           24%        N/A       7%          2
 Summon Guardian Golem    Hex/Summ       32%        N/A       8%          3
 Silence                  Hex/Air        29%        N/A       9%          5
 Spider Form              Tmut/Pois      27%        N/A       11%         3
 Call Canine Familiar     Summ           24%        N/A       13%         3
 Gell's Gravitas          Tloc           24%        N/A       13%         3
 Lesser Beckoning         Tloc           24%        N/A       13%         3
 Teleport Other           Tloc           24%        N/A       13%         3
 Vampiric Draining        Necr           24%        2d7       13%         3
 Cause Fear               Hex            19%        N/A       16%         4
 Anguish                  Hex/Necr       16%        N/A       26%         4
 Metabolic Englaciation   Hex/Ice        20%        N/A       36%         5
 Petrify                  Tmut/Erth      24%        N/A       41%         4
 Summon Mana Viper        Hex/Summ       32%        N/A       56%         5
 Agony                    Necr           24%        N/A       77%         5
 Excruciating Wounds      Necr           12%        N/A       77%         5
 Summon Forest            Summ/Tloc      12%        N/A       77%         5
 Statue Form              Tmut/Erth      16%        N/A       100%        6
 Summon Cactus Giant      Summ           12%        N/A       100%        6
 Discord                  Hex            19%        N/A       100%        8


Dungeon Overview and Level Annotations

Branches:
Dungeon (15/15)            Temple (1/1) D:4            Lair (6/6) D:11
  Swamp (3/4) Lair:3       Spider (4/4) Lair:4        Slime (0/5) Lair:6
    Orc (2/2) D:12            Elf (0/3) Orc:2        Vaults (1/5) D:13
 Depths (0/4) D:15        Volcano (visited)         Gauntlet (visited)

Altars:
Ashenzari
Cheibriados
Dithmenos
Elyvilon
Fedhas
Gozag
Hepliaklqana
Kikubaaqudgha
Makhleb
Nemelex Xobeh
Okawaru
Qazlal
Ru
Sif Muna
Trog
Uskayaw
Vehumet
Wu Jian
Xom
Yredelemnul
Zin
The Shining One
Beogh
Jiyva

Shops:
D:2 !   D:4 [   D:6 =   D:12 =   D:14 *   Orc:2 *((*

Annotations:
D:15 2 transporters, exclusion: obsidian statue, Kuralita's ghost, journeyman OpTm; MadAsgardian's ghost, journeyman TrMo
Orc:1 2 transporters, Whoops's ghost, journeyman TrMo


Innate Abilities, Weirdness & Mutations

You can breathe wild blasts of lightning.
Your glossy black scales are hard. (AC +10)
You cannot fit into any form of body armour.
Your large and strong wings let you fly.
You are resistant to electric shocks. (rElec)
You are cold-blooded and may be slowed by cold attacks.


Message History

The ghoul is engulfed in a cloud of scalding steam.
You block the ghoul's attack. The ghoul claws you but does no damage.
The swamp dragon is engulfed in a cloud of scalding steam.
The swamp dragon breathes poison at you.
The ghoul claws you but does no damage.
The ghoul splashes around in the water.
You barely miss the ghoul. You tail-slap the ghoul.
The ghoul is almost destroyed.
The swamp dragon is engulfed in a cloud of scalding steam.
The ghoul is engulfed in a cloud of scalding steam.
The ghoul claws you but does no damage. The ghoul claws you!
The ghoul is engulfed in a cloud of scalding steam.
You destroy the ghoul!
Vehumet accepts your kill.
You feel your power returning.
Your Shields skill increases to level 9!
A bloated husk comes into view.
The swamp dragon is engulfed in blazing flames.
The swamp dragon breathes poison at you.
The blast of poison engulfs you!
You are poisoned.
You are engulfed in poison gas.
You are more poisoned.
You feel extremely sick.
You feel very sick.
The swamp dragon breathes poison at you.
The blast of poison engulfs you!
You are more poisoned.
* * * LOW HITPOINT WARNING * * *
You are engulfed in poison gas.
You are more poisoned.
* * * LOW HITPOINT WARNING * * *
x2 You feel extremely sick.
You are engulfed in poison gas.
You are more poisoned.
* * * LOW HITPOINT WARNING * * *
x2 You feel extremely sick.
You feel better.
You are engulfed in poison gas.
You are lethally poisoned!
* * * LOW HITPOINT WARNING * * *
You die...

♣...≈≈..≈≈≈♣♣ ♣...≈♣..≈≈≈.♣
♣.≈≈≈♣≈≈≈≈§.♣ ♣♣.≈≈§≈≈§§≈.♣
♣♣♣ ♣♣♣ ♣.≈≈≈≈≈≈... ♣≈≈♣♣
♣≈♣♣♣♣≈.....≈♣♣
..≈.≈♣♣≈♣♣≈.....≈≈≈≈♣♣♣ ♣♣♣
≈○≈≈..≈≈.≈.≈≈.<..≈≈≈≈≈♣ ≈.♣♣♣
≈≈....≈≈≈§...@♣♣.§≈≈≈.♣ ♣≈..≈
.≈≈≈≈≈.≈.D○○n°.♣..†..♣♣♣♣♣≈≈≈.
..>≈≈≈≈†.≈°°°≈≈≈§..≈♣♣♣♣≈.≈≈≈.
.≈.≈≈≈≈...≈○°..≈≈.≈≈♣♣..≈≈≈≈.§
≈.≈≈≈≈≈$........(.≈<.♣≈≈≈≈≈≈.≈
≈..§≈≈≈≈§≈≈≈≈≈♣≈..♣........≈.♣
≈.♣≈≈.§≈≈≈≈≈♣♣♣♣..≈≈≈.....[.†.
♣ ♣≈≈≈≈≈≈≈≈≈♣ ♣.≈≈≈≈.>...♣...
♣≈♣♣♣.......♣ ♣≈≈≈≈≈.≈≈≈≈♣♣.≈


You could see a swamp dragon and a bloated husk.

Vanquished Creatures
  Arachne (Spider:4)
  A fenstrider witch (Swamp:1)
  6 emperor scorpions
  6 ghost moths (Spider:4)
  Louise (Spider:4)
  2 orc warlords
  3 broodmothers
  3 ghouls (Swamp:3)
  2 eleionomae (Swamp:1)
  Azrael (D:14)
  3 entropy weavers (Spider:1)
  2 bunyips
  4 spark wasps
  A minotaur (Gauntlet)
  A rakshasa (D:13)
  An ettin (D:15)
  5 boulder beetles
  A vault guard (D:13)
  15 hydras
  A catoblepas (Lair:6)
  A ghost crab (Swamp:2)
  2 radroaches
  2 jorogumos
  5 alligators
  4 centaur warriors
  Erica (D:11)
  A death knight (D:14)
  7 two-headed ogres
  3 tengu warriors
  4 death yaks (Lair:5)
  5 orc high priests
  A hell knight (D:15)
  Sonja (Lair:4)
  A goliath frog (Swamp:1)
  9 skeletal warriors
  4 steelbarb worms
  6 pharaoh ants
  4 bog bodies
  A swamp dragon (Swamp:2)
  10 orb spiders
  2 spriggan druids (Swamp:1)
  2 lindwurms
  4 orc knights (Orc:2)
  Pikel (D:4)
  A wizard (D:15)
  A necromancer (D:15)
  4 cyclopes
  11 ugly things
  A lindwurm (shapeshifter) (D:14)
  7 orc sorcerers
  32 wolf spiders
  4 manticores
  2 molten gargoyles (Volcano)
  9 elephants
  Joseph (D:9)
  6 moths of wrath
  7 black mambas
  17 cane toads
  2 gargoyles
  Maggie (D:6)
  7 rime drakes
  A smoke demon (Volcano)
  9 demonic crawlers
  2 unseen horrors
  10 torpor snails
  A yaktaur (D:15)
  3 freezing wraiths
  11 komodo dragons
  An efreet (D:13)
  A merfolk (shapeshifter) (D:13)
  3 red devils (Volcano)
  8 tyrant leeches
  2 wolf spider simulacra (Gauntlet)
  10 hornets (Swamp:1)
  7 trolls
  Prince Ribbit (D:6)
  12 meliai
  32 tarantellas
  22 blink frogs
  8 slime creatures
  2 dream sheep (Lair:6)
  35 jumping spiders
  Sigmund (D:2)
  11 spriggans (Swamp:1)
  2 shadows
  6 wyverns
  5 wraiths
  4 small abominations (Gauntlet)
  5 basilisks
  19 culicivoras
  2 fire bats (Volcano)
  49 yaks
  3 fire elementals (D:14)
  3 vampire mosquitoes (D:13)
  48 redbacks
  A redback (shapeshifter) (D:13)
  6 swamp worms
  7 wargs
  21 water moccasins
  An acid dragon (D:11)
  A hydra simulacrum (Gauntlet)
  A hell hound (D:14)
  A black bear (Lair:1)
  50 orc warriors
  A hornet zombie (D:5)
  2 sky beasts (D:6)
  3 ice beasts
  A necrophage (Swamp:3)
  11 ogres
  14 centaurs
  18 wolves
  A kobold brigand (D:10)
  A phantom (D:6)
  9 bullfrogs
  A gnoll sergeant (D:11)
  A wyvern zombie (D:7)
  2 scorpions
  3 wyvern skeletons
  2 water moccasin zombies
  A hornet simulacrum (Gauntlet)
  A water moccasin skeleton (D:6)
  8 killer bees (D:7)
  5 wights (D:9)
  2 electric eels (Lair:4)
  5 lava snakes (Volcano)
  5 centaur zombies
  4 crimson imps (D:3)
  2 bullfrog zombies
  3 hounds
  A centaur skeleton (D:4)
  44 orc priests
  A bullfrog skeleton (D:6)
  A jelly (D:4)
  An iron imp (D:13)
  20 orc wizards
  3 iguanas
  7 hell rats (Lair:4)
  3 killer bee zombies
  A hound zombie (D:5)
  A hound skeleton (D:4)
  A howler monkey zombie (D:9)
  9 gnolls
  5 adders
  4 ufetubi
  A worm (D:2)
  4 dart slugs
  113 orcs
  3 endoplasms
  12 giant cockroaches
  6 goblins
  6 hobgoblins
  17 kobolds
  2 quokkas
  8 ball pythons
  6 bats
  3 frilled lizards
  7 rats
1078 creatures vanquished.

Vanquished Creatures (collateral kills)
  A small abomination (Gauntlet)
1 creature vanquished.

Vanquished Creatures (others)
  18 fungi
  43 plants
61 creatures vanquished.

Grand Total: 1140 creatures vanquished

Notes
Turn   | Place    | Note
-------+----------+-------------------------------------------
     0 | D:1      | SolCadguy the Draconian Conjurer began the quest for the
                  | Orb.
     0 | D:1      | Reached XP level 1. HP: 14/14 MP: 3/3
   340 | D:1      | Reached XP level 2. HP: 20/20 MP: 0/5
   570 | D:1      | Learned a level 2 spell: Searing Ray
   943 | D:2      | Noticed Sigmund
   943 | D:2      | Found a faded altar of an unknown god.
  1180 | D:2      | Reached skill level 5 in Conjurations
  1218 | D:2      | Reached XP level 3. HP: 26/26 MP: 3/6
  1752 | D:2      | Learned a level 3 spell: Dazzling Flash
  2385 | D:3      | Reached XP level 4. HP: 33/33 MP: 3/7
  2924 | D:3      | Found a shimmering altar of Xom.
  2997 | D:3      | Reached skill level 6 in Conjurations
  3146 | D:3      | Reached XP level 5. HP: 37/38 MP: 3/8
  3453 | D:4      | Found a staircase to the Ecumenical Temple.
  3459 | Temple   | Entered the Ecumenical Temple
  3536 | Temple   | Became a worshipper of Vehumet
  3549 | D:4      | Found a burning altar of Makhleb.
  3633 | D:4      | Noticed a lemure
  3635 | D:4      | Noticed a lemure
  3635 | D:4      | Noticed Pikel
  3805 | D:3      | Learned a level 4 spell: Fulminant Prism
  3860 | D:4      | Reached XP level 6. HP: 39/45 MP: 4/11
  4231 | D:4      | Found Raabuf's Armour Shoppe.
  4239 | D:4      | Bought a +0 pair of boots for 54 gold pieces
  4333 | D:4      | Killed Pikel
  4334 | D:4      | Your scales start taking on a glossy black colour.
  4334 | D:4      | Reached XP level 7. HP: 14/50 MP: 2/16
  4334 | D:4      | Gained mutation: You are resistant to electric shocks.
                  | (rElec) [Black Draconian growth]
  5169 | D:2      | Reached * piety under Vehumet
  5169 | D:2      | Offered knowledge of Foxfire by Vehumet.
  5202 | D:2      | Found Voduned's Distillery.
  5208 | D:2      | Bought a potion of curing for 30 gold pieces
  5557 | D:2      | Killed Sigmund
  5558 | D:2      | Reached skill level 7 in Conjurations
  5558 | D:2      | Reached XP level 8. HP: 46/57 MP: 12/18
  5619 | D:2      | Learned a level 5 spell: Iskenderun's Battlesphere
  5677 | D:5      | Entered Level 5 of the Dungeon
  5716 | D:5      | Reached skill level 1 in Hexes
  5777 | D:5      | Identified the +1 ring mail "Jesyeps" {rN+ Int+3 Dex+3}
  5786 | D:5      | Learned a level 5 spell: Fireball
  5841 | D:5      | Found an ancient bone altar of Kikubaaqudgha.
  6161 | D:5      | Reached skill level 8 in Conjurations
  6317 | D:6      | Noticed Maggie
  6329 | D:6      | Killed Maggie
  6631 | D:6      | Reached XP level 9. HP: 58/62 MP: 10/19
  6680 | D:6      | Reached skill level 9 in Conjurations
  6910 | D:6      | Found a glowing golden altar of the Shining One.
  6924 | D:6      | Found a hide-covered altar of Uskayaw.
  6949 | D:6      | Found Gietsuh's Jewellery Shop.
  7081 | D:6      | Noticed Prince Ribbit
  7085 | D:6      | Killed Prince Ribbit
  7085 | D:6      | Offered knowledge of Static Discharge by Vehumet.
  7086 | D:6      | Reached skill level 5 in Fire Magic
  7159 | D:6      | Reached ** piety under Vehumet
  7578 | D:7      | Reached skill level 10 in Conjurations
  7708 | D:7      | Found a sparkling altar of Nemelex Xobeh.
  7824 | D:7      | Found a sacrificial altar of Ru.
  7828 | D:7      | Found a blossoming altar of Fedhas.
  7908 | D:7      | Reached skill level 1 in Fighting
  8479 | D:8      | Reached XP level 10. HP: 73/73 MP: 15/20
  8564 | D:8      | Offered knowledge of Inner Flame by Vehumet.
  9895 | D:9      | Reached *** piety under Vehumet
 10260 | D:9      | Noticed Joseph
 10284 | D:9      | Killed Joseph
 10285 | D:9      | Reached skill level 11 in Conjurations
 10424 | D:9      | Learned a level 4 spell: Sticky Flame
 10836 | D:10     | Entered Level 10 of the Dungeon
 10986 | D:10     | Reached skill level 5 in Fighting
 11038 | D:10     | Offered knowledge of Flame Wave by Vehumet.
 11435 | D:10     | Noticed a two-headed ogre
 11446 | D:10     | Killed a two-headed ogre
 11524 | D:10     | Learned a level 2 spell: Poisonous Vapours
 11626 | D:10     | Found a shadowy altar of Dithmenos.
 11627 | D:10     | Found an ornate altar of the Wu Jian Council.
 11708 | D:11     | Found a gate leading to a gauntlet.
 11758 | Gauntlet | Entered a Gauntlet
 11758 | Gauntlet | Found a transporter.
 11761 | Gauntlet | Found a transporter.
 11802 | Gauntlet | Found a transporter.
 11810 | Gauntlet | Noticed a moth of wrath
 11813 | Gauntlet | Found a transporter.
 11816 | Gauntlet | Found a transporter.
 11826 | Gauntlet | Found a transporter.
 11840 | Gauntlet | Noticed a five-headed hydra
 11842 | Gauntlet | Found a transporter.
 11845 | Gauntlet | Noticed a torpor snail
 11855 | Gauntlet | Found a transporter.
 11856 | Gauntlet | Noticed a wretched star
 11867 | Gauntlet | Found a transporter.
 11867 | Gauntlet | Noticed a blizzard demon
 11872 | Gauntlet | Found a transporter.
 11900 | Gauntlet | Found a transporter.
 11900 | Gauntlet | Found a transporter.
 11964 | Gauntlet | Found a transporter.
 11967 | Gauntlet | Found a transporter.
 12474 | Gauntlet | Learned a level 4 spell: Flame Wave
 12500 | Gauntlet | Reached XP level 11. HP: 84/89 MP: 20/23
 12525 | Gauntlet | Identified the +0 helmet of Analysis {Harm rF+}
 12664 | Gauntlet | Reached skill level 12 in Conjurations
 12666 | Gauntlet | Reached **** piety under Vehumet
 12937 | Gauntlet | Identified the +10 flail of Bread {flame, SInv}
 12937 | Gauntlet | Identified the ring of Reimbursement {AC+4 Str+3}
 12937 | Gauntlet | Noticed a minotaur
 12953 | Gauntlet | Killed a minotaur
 13236 | Gauntlet | Identified the +3 war axe of Courage {freeze, MP+9 Stlth+}
 13280 | D:11     | Noticed a two-headed ogre
 13287 | D:11     | Killed a two-headed ogre
 13576 | D:11     | Noticed an eight-headed hydra
 13829 | D:11     | Noticed Erica
 13833 | D:11     | Killed Erica
 13851 | D:11     | Noticed a six-headed hydra
 13855 | D:11     | Offered knowledge of Freezing Cloud by Vehumet.
 13856 | D:11     | Killed a six-headed hydra
 13892 | D:11     | Killed an eight-headed hydra
 13938 | D:11     | Reached skill level 10 in Spellcasting
 14071 | D:11     | Noticed a brown ugly thing
 14081 | D:11     | Killed a brown ugly thing
 14261 | D:11     | Found a staircase to the Lair.
 14399 | Lair:1   | Entered Level 1 of the Lair of Beasts
 14429 | Lair:1   | Noticed a seven-headed hydra
 14435 | Lair:1   | Killed a seven-headed hydra
 14436 | Lair:1   | Reached skill level 13 in Conjurations
 14436 | Lair:1   | Reached XP level 12. HP: 103/103 MP: 16/26
 14500 | Lair:1   | Found a dark tunnel.
 14553 | Volcano  | Entered a volcano
 14924 | Volcano  | Found a burning altar of Makhleb.
 15504 | Lair:1   | Learned a level 5 spell: Freezing Cloud
 15504 | Lair:1   | Noticed a seven-headed hydra
 15509 | Lair:1   | Killed a seven-headed hydra
 15510 | Lair:1   | Reached skill level 1 in Air Magic
 15562 | Lair:1   | Identified the +2 great mace of Malaise {venom, Str+2 Int+3
                  | Stlth+}
 15611 | Lair:1   | Reached skill level 10 in Fighting
 16958 | Lair:2   | Reached skill level 14 in Conjurations
 17346 | Lair:2   | Reached XP level 13. HP: 114/114 MP: 27/29
 17353 | Lair:2   | Learned a level 5 spell: Lightning Bolt
 17450 | Lair:3   | Reached skill level 1 in Ice Magic
 17624 | Lair:3   | Gained mutation: Your large and strong wings let you fly.
                  | [Black Draconian growth]
 17624 | Lair:3   | Reached XP level 14. HP: 122/122 MP: 23/30
 17680 | Lair:3   | Found a staircase to the Swamp.
 17767 | Lair:3   | Reached ***** piety under Vehumet
 17781 | Lair:3   | Offered knowledge of Lee's Rapid Deconstruction by Vehumet.
 18342 | Lair:4   | Reached skill level 1 in Maces & Flails
 18605 | Lair:4   | Found a hole to the Spider Nest.
 18839 | Lair:4   | You are sucked into a shaft and drop 2 floors!
 18839 | Lair:6   | Entered Level 6 of the Lair of Beasts
 19961 | Lair:4   | Noticed Sonja
 19964 | Lair:4   | Killed Sonja
 20796 | Lair:6   | Reached skill level 5 in Dodging
 21189 | Lair:6   | Reached skill level 15 in Conjurations
 21264 | Lair:6   | Offered knowledge of Spellforged Servitor by Vehumet.
 21283 | Lair:6   | Reached skill level 5 in Maces & Flails
 22282 | Lair:6   | Reached XP level 15. HP: 134/134 MP: 24/31
 22560 | Lair:6   | Reached skill level 1 in Shields
 22565 | Lair:6   | Found a staircase to the Slime Pits.
 22565 | Lair:6   | Found a viscous altar of Jiyva.
 23011 | D:12     | Found a staircase to the Orcish Mines.
 23331 | D:12     | Found Muaqo's Jewellery Shop.
 23614 | D:12     | Offered knowledge of Ozocubu's Refrigeration by Vehumet.
 24242 | D:13     | You are sucked into a shaft and drop 2 floors!
 24242 | D:15     | Entered Level 15 of the Dungeon
 24542 | D:15     | Reached skill level 16 in Conjurations
 24693 | D:15     | Reached skill level 1 in Poison Magic
 24915 | D:15     | Found a transporter.
 24918 | D:15     | Noticed Kuralita's ghost (journeyman OpTm)
 24979 | D:15     | Noticed MadAsgardian's ghost (journeyman TrMo)
 25135 | D:15     | Found a transporter.
 25478 | D:15     | Found a staircase to the Depths.
 25579 | D:14     | Found Dyixzi's General Store.
 25620 | D:14     | Reached skill level 5 in Shields
 25664 | D:14     | Found a shimmering blue altar of Sif Muna.
 25726 | D:14     | Noticed Azrael
 25733 | D:14     | Killed Azrael
 26161 | D:14     | Found a sacrificial altar of Ru.
 26337 | D:13     | Reached skill level 1 in Evocations
 26778 | D:13     | Found a snail-covered altar of Cheibriados.
 27275 | D:13     | Found a gate to the Vaults.
 28134 | Orc:1    | Entered Level 1 of the Orcish Mines
 28150 | D:12     | Reached XP level 16. HP: 98/143 MP: 31/33
 28418 | Orc:1    | Found a transporter.
 28532 | Orc:1    | Noticed Whoops's ghost (journeyman TrMo)
 28587 | Orc:1    | Reached ****** piety under Vehumet
 28598 | Orc:1    | Offered knowledge of Starburst by Vehumet.
 28744 | Orc:1    | Learned a level 6 spell: Starburst
 28802 | Orc:1    | Found a transporter.
 29109 | Orc:2    | Entered Level 2 of the Orcish Mines
 29321 | Orc:2    | Found Zoelal's Antique Weapon Shop.
 29363 | Orc:2    | Found Rafruroxt's General Store.
 29640 | Orc:2    | Reached skill level 10 in Air Magic
 30645 | Orc:2    | Found a staircase to the Elven Halls.
 30706 | Orc:2    | Offered knowledge of Eringya's Noxious Bog by Vehumet.
 31214 | Orc:2    | Reached skill level 5 in Evocations
 31731 | Orc:2    | Found Plog's Antique Weapon Boutique.
 31938 | Orc:2    | Found Raman's General Store.
 32286 | D:12     | Bought a ring of poison resistance for 300 gold pieces
 32417 | Spider:1 | Entered Level 1 of the Spider Nest
 34687 | Spider:2 | Paralysed by a jorogumo for 1 turns
 35239 | Spider:2 | Offered knowledge of Iron Shot by Vehumet.
 37360 | Spider:2 | Reached XP level 17. HP: 149/149 MP: 29/35
 38002 | Spider:3 | Reached skill level 17 in Conjurations
 38736 | Spider:3 | Offered knowledge of Maxwell's Capacitive Coupling by
                  | Vehumet.
 39664 | Spider:4 | Entered Level 4 of the Spider Nest
 40539 | Spider:4 | Noticed Louise
 40547 | Spider:4 | Killed Louise
 40886 | Spider:4 | Identified a scroll of acquirement
 40921 | Spider:3 | Acquired 1255 gold pieces
 41081 | Spider:4 | Noticed Arachne
 41089 | Spider:4 | Killed Arachne
 41277 | Spider:4 | Reached skill level 15 in Spellcasting
 41502 | Spider:4 | Offered knowledge of Fire Storm by Vehumet.
 41502 | Spider:4 | Offered knowledge of Chain Lightning by Vehumet.
 41502 | Spider:4 | Offered knowledge of Ignition by Vehumet.
 41671 | Spider:4 | Reached skill level 15 in Fighting
 43199 | Spider:4 | Got a gossamer rune of Zot
 43792 | Vaults:1 | Entered Level 1 of the Vaults
 43939 | Swamp:1  | Entered Level 1 of the Swamp
 44479 | Swamp:1  | Reached XP level 18. HP: 160/166 MP: 27/37
 44625 | Swamp:1  | Paralysed by a fenstrider witch for 3 turns
 44629 | Swamp:1  | Paralysed by a fenstrider witch for 2 turns
 45084 | Lair:3   | Learned a level 7 spell: Orb of Destruction
 46684 | Swamp:3  | HP: 3/166 [poisoned by a swamp dragon (poison gas)]
 46685 | Swamp:3  | Succumbed to a swamp dragon's poison gas

Illustrated notes

Levels and vault maps discovered:
D:1:      ncdulo_watergridlock, layout_basic
D:2:      minmay_chambers_of_ones, layout_loops_ring, serial_shops, shop,
          nicolae_ecumenical_oubliette, minmay_cupped, uniq_sigmund
D:3:      minmay_roachtagon, layout_basic, led_xom_imps,
          minmay_goblin_kobold_house
D:4:      layout_basic, makhleb_heckhound_becter, minmay_temple_entry_hall,
          serial_shops, shop, uniq_pikel
D:5:      layout_basic, kiku_gazebo_pond_becter
D:6:      layout_gridville, mainiacjoe_overflow_large_starburst, serial_shops,
          nicolae_shop_competitors_out_of_business, uniq_maggie,
          uniq_prince_ribbit1
D:7:      layout_loops_ring, jmf_multi_god_temple,
          mainiacjoe_overflow_six_doors_small
D:8:      layout_layer_cave
D:9:      layout_basic, uniq_joseph
D:10:     layout_cave_pools, mainiacjoe_overflow_divided_tiny,
          minmay_misc_feat_cross
D:11:     layout_roguey, lair_entry_dummy, gauntlet_entry_generic, uniq_erica
D:12:     layout_stronghold, orc_0_dummy, nicolae_stop_n_shop_2
D:13:     layout_small_grid, david_vaults_5, minmay_misc_feat_rugged,
          slow_altar_1
D:14:     layout_cross, nicolae_ru_the_path_less_chosen, serial_shops, shop,
          grunt_decor_clamped, lemuel_blue_sif_altar, uniq_azrael
D:15:     hangedman_depths_entry_civil_slaughter, layout_basic,
          nzn_ghost_randoct, minmay_fractal_squares_5
Temple:   nicolae_temple_x_marks_the_god
Lair:1:   layout_roguey, nicolae_volcano_entry_vermiform,
          minmay_stone_trees_small, grunt_megastairs_1,
          infiniplex_staircase_pool
Lair:2:   layout_small_grid
Lair:3:   layout_misc_corridors, skrybe_swamp_entry_bodies, evilmike_ambush
          [evilmike_ambush_outer_corners, evilmike_ambush_inner_basic]
Lair:4:   layout_roguey, hellmonk_spider_entry_life_and_decay,
          nicolae_quartered_pool_super, lemuel_fruit_fields, uniq_sonja
Lair:5:   layout_big_grid, chequers_serial_rivers_micro_b
Lair:6:   hangedman_lair_in_review, layout_hall_layers, slime_altar_1,
          guppyfry_lair_drakes, grunt_megastairs_5
Swamp:1:  layout_basic_swamp, evilmike_swamp_ruin_rubble_1
Swamp:2:  layout_basic_swamp, evilmike_swamp_ruin_house_1,
          nicolae_swamp_dense_foliage
Swamp:3:  layout_basic_swamp, evilmike_swamp_ruin_house_5, uniq_aizul,
          uniq_roxanne
Spider:1: nicolae_spider_hilbert_zone_1 [nicolae_spider_hilbert_4_sides_1_open,
          nicolae_spider_hilbert_4_sides_1_open,
          nicolae_spider_hilbert_4_sides_1_open,
          nicolae_spider_hilbert_4_sides_1_open,
          nicolae_spider_hilbert_3_sides_1_open,
          nicolae_spider_hilbert_3_sides_1_open,
          nicolae_spider_hilbert_3_sides_1_open,
          nicolae_spider_hilbert_3_sides_1_open,
          nicolae_spider_hilbert_3_sides_1_open,
          nicolae_spider_hilbert_6_sides_1_open,
          nicolae_spider_hilbert_6_sides_1_open,
          nicolae_spider_hilbert_3_sides_1_open,
          nicolae_spider_hilbert_3_sides_1_open,
          nicolae_spider_hilbert_3_sides_1_open,
          nicolae_spider_hilbert_3_sides_1_open,
          nicolae_spider_hilbert_2_sides_1_open], spiders_nest_hornet_nest
Spider:2: layout_spider_delve
Spider:3: layout_spider_delve, nicolae_spider_webbed_stairs
Spider:4: grunt_spider_rune_parallel, nicolae_arachne_temple, uniq_louise
Orc:1:    layout_caves, gammafunk_ghost_berserking_beasts, minmay_orc_keep
Orc:2:    pubby_orc_utopia, serial_shops
Vaults:1: nicolae_vaults_inception_network, v_pattern_5, v_rooms_3, v_misc_17,
          hangedman_vaults_stream, nicolae_vaults_ninety_degrees,
          hangedman_vaults_stagger, hangedman_vaults_corner_blocks,
          vaults_mumra_hex, hangedman_vaults_corner_blocks,
          nicolae_vaults_diagonal_hallway_6, ontoclasm_vaults_twist,
          layout_vaults_big_cross, serial_shops, shop

Skill      XL: |  1  2  3  4  5  6  7  8  9 10 11 12 13 14 15 16 17 18 |
---------------+-------------------------------------------------------+-----
Conjurations   | 5 6 7 8 10 11 13 14 15 16 17 | 17.0
Spellcasting   | 3 6 7 8 10 12 13 14 15 16 | 16.0
Hexes          | 2 |  2.6
Fire Magic     | 3 6 9 |  9.0
Fighting       | 2 6 8 10 12 13 15 16 | 16.1
Air Magic      | 7 9 10 | 10.0
Ice Magic      | 1 3 |  3.2
Dodging        | 2 6 |  6.5
Maces & Flails | 5 6 |  6.6
Shields        | 5 7 8 9 |  9.0
Poison Magic   | 1 |  1.2
Evocations     | 3 5 |  5.3
Stealth        | |  1.7

Action                   |  1- 3 |  4- 6 |  7- 9 | 10-12 | 13-15 | 16-18 || total
-------------------------+-------+-------+-------+-------+-------+-------++-------
Melee: Unarmed           |    11 |       |       |       |       |       ||    11
       Dagger            |    37 |   127 |    38 |    64 |       |       ||   266
       Tailslap          |     6 |    18 |     6 |    17 |    16 |    51 ||   114
       Punch             |       |     1 |       |     3 |     1 |       ||     5
       Flail             |       |       |       |    31 |   121 |   256 ||   408
       Staff             |       |       |       |       |       |    23 ||    23
Throw: Boomerang         |       |     4 |       |       |    10 |     2 ||    16
       Dart              |       |       |       |       |       |     5 ||     5
 Cast: Magic Dart        |    52 |    17 |    48 |   109 |   224 |   298 ||   748
       Searing Ray       |     6 |    18 |    46 |    54 |    60 |    75 ||   259
       Dazzling Flash    |       |     3 |       |       |     2 |     3 ||     8
       Iskenderun's Batt |       |       |    18 |    48 |    65 |    77 ||   208
       Fireball          |       |       |     3 |    20 |    23 |    46 ||    92
       Sticky Flame      |       |       |       |    22 |    42 |    85 ||   149
       Freezing Cloud    |       |       |       |     8 |    55 |    67 ||   130
       Flame Wave        |       |       |       |     2 |    14 |    25 ||    41
       Poisonous Vapours |       |       |       |       |    56 |   262 ||   318
       Lightning Bolt    |       |       |       |       |    19 |    39 ||    58
       Starburst         |       |       |       |       |       |    21 ||    21
       Orb of Destructio |       |       |       |       |       |    12 ||    12
 Abil: Breathe Lightning |       |       |     3 |     1 |     3 |     5 ||    12
Evoke: Wand              |       |     1 |       |       |     1 |     6 ||     8
       Phantom mirror    |       |       |       |       |       |     1 ||     1
  Use: Scroll            |       |     4 |     3 |    17 |     5 |     7 ||    36
       Potion            |       |     1 |     2 |     3 |     5 |    14 ||    25
 Stab: Sleeping          |     2 |     1 |     1 |     1 |       |     3 ||     8
       Invisible         |       |     1 |       |       |       |     1 ||     2
Armor: Skin              |    20 |    46 |    36 |    75 |   100 |   290 ||   567
Dodge: Dodged            |    45 |   113 |   104 |   171 |   178 |   331 ||   942
Block: Kite shield       |       |       |       |       |    74 |   394 ||   468
       Reflection        |       |       |       |       |    11 |     7 ||    18
